 Dungeon Crawl Stone Soup version 0.28-a0-429-g1448048969 (webtiles) character file.

Game seed: 4175652110070391813

291 robertstho the Magician (level 6, 0/42 HPs)
             Began as a Djinni Fire Elementalist on Sept 10, 2021.
             Slain by a hound (1 damage)
             ... on level 3 of the Dungeon.
             The game lasted 00:02:56 (3038 turns).

robertstho the Magician (Djinni Fire Elementalist)  Turns: 3038, Time: 00:02:57

Health: 0/42       AC:  3    Str:  7    XL:     6   Next: 58%
Gold:   148        EV: 12    Int: 18    God:
                   SH:  0    Dex: 14

rFire   + + .      SeeInvis .   g - +0 flail (vorpal)
rCold   x . .      Faith    .   (no shield)
rNeg    . . .      Spirit   .   a - +0 robe
rPois   ∞          Reflect  .   b - +0 helmet
rElec   .          Harm     .   (no cloak)
rCorr   .          Rampage  .   (no gloves)
Will    .....                   (boots unavailable)
Stlth   ++........              (no amulet)
HPRegen 0.14/turn               (no ring)
MPRegen 0.00/turn               (no ring)

@: attractive, flying
A: sickness immunity, fire resistance 2, cold vulnerability 1, float, innate
caster, hp casting, extra vitality 1
a: no special abilities


You were on level 3 of the Dungeon.
You visited 1 branch of the dungeon, and saw 4 of its levels.

You collected 148 gold pieces.

Inventory:

Hand Weapons
 f - a +0 dagger
 g - a +0 vorpal flail (weapon)
Armour
 a - a +0 robe (worn)
 b - a +0 helmet (worn)
Jewellery
 d - a +4 ring of protection
Scrolls
 c - 2 scrolls of identify {unknown}
 e - a scroll of summoning {unknown}
Potions
 h - a potion of attraction


   Skills:
 * Level 1.5 Fighting
 + Level 2.5 Dodging
 + Level 1.9 Stealth
 * Level 4.9 Spellcasting


You couldn't memorise any spells.
You knew the following spells:

 Your Spells              Type           Power      Damage    Failure   Level
a - Foxfire               Conj/Fire      88%        2x1d8     1%          1
b - Scorch                Fire           44%        2d7       2%          2
c - Conjure Flame         Conj/Fire      22%        6-21      5%          3
d - Inner Flame           Hex/Fire       22%        N/A       5%          3
e - Flame Wave            Conj/Fire      22%        3d6       17%         4
f - Sandblast             Erth           44%        2d11      1%          1
g - Call Imp              Summ           22%        N/A       2%          2
Your spell library was empty.

Dungeon Overview and Level Annotations

Branches:
Dungeon (4/15)
 Temple: D:4-7

Altars:

Shops:
D:1 [


Innate Abilities, Weirdness & Mutations

You are immune to sickness and miasma.
You are immune to poison.
Your flesh is very heat resistant. (rF++)
You are vulnerable to cold. (rC-)
You float through the air rather than walking.
You learn spells naturally, not from books.
Your magical power is your life essence.
You have superior vitality. (+4 HP)


Message History

The hound is moderately wounded.
The hound's fire resistance burns away.
The hound barely misses you.
The gnoll hits you from afar with a +0 spear.
Casting: Scorch (safe; 2% risk of failure)
Confirm with . or Enter, or press ? or * to list all spells.
Flames lash the hound.
The hound is burned terribly!
You kill the hound!
The hound bites you but does no damage. The hound bites you.
The gnoll hits you from afar with a +0 spear.
Casting: Scorch (safe; 2% risk of failure)
Confirm with . or Enter, or press ? or * to list all spells.
Flames lash the hound.
The hound is heavily wounded.
The hound's fire resistance burns away.
The hound bites you.
The gnoll hits you from afar with a +0 spear.
Casting: Scorch (safe; 2% risk of failure)
Confirm with . or Enter, or press ? or * to list all spells.
Flames lash the gnoll.
The gnoll is heavily wounded.
The gnoll's fire resistance burns away.
The hound bites you. The hound barely misses you.
The gnoll hits you from afar with a +0 spear!
* * * LOW HITPOINT WARNING * * *
The gnoll hits you from afar with a +0 spear.
* * * LOW HITPOINT WARNING * * *
The hound barely misses you.
It was a potion of attraction.
You feel attractive to monsters.
The hound is no longer more vulnerable to fire.
The gnoll is no longer more vulnerable to fire.
The hound bites you.
* * * LOW HITPOINT WARNING * * *
The hound misses you. The hound barely misses you.
There is a stone staircase leading up here.
The hound closely misses you.
The gnoll hits you from afar with a +0 spear.
* * * LOW HITPOINT WARNING * * *
The hound bites you.
You die...

#.##.# #...# #.##.# #.###
#.##.# #.# #.##.# ### #.#
###########.##.###<## #.# ...
.....>..........## #.# ##.
#.........##.....########.#
#.##.##.##.#.#......<........#
#.#......#.#...@....##########
#...........###h...##
##......#§#.##g#.#######
###.##.######..#†#...>.#
#...##..# #....#.###.#
#.#######+#+#P.......#.# ##.##
#..†'...##(#.#.#
##...######...#P.###.)...#
......[...#...#..# ###.###


You could see a hound and a gnoll.

Vanquished Creatures
  A black bear (D:4)
  A water moccasin skeleton (D:4)
  A hound (D:3)
  An orc wizard (D:3)
  4 adders
  2 worms (D:2)
  A dart slug (D:3)
  3 orcs (D:3)
  9 ball pythons
  3 bats
  2 endoplasms
  2 giant cockroaches (D:1)
  5 goblins
  5 hobgoblins
  3 jackals (D:1)
  3 quokkas
  6 frilled lizards
  3 kobolds
  2 rats (D:1)
57 creatures vanquished.

Vanquished Creatures (collateral kills)
  3 foxfires
3 creatures vanquished.

Vanquished Creatures (others)
  253 foxfires
253 creatures vanquished.

Grand Total: 313 creatures vanquished

Notes
Turn   | Place    | Note
-------+----------+-------------------------------------------
     0 | D:1      | robertstho the Djinni Fire Elementalist began the quest for
                  | the Orb.
     0 | D:1      | Reached XP level 1. HP: 15/15 MP: 0/0
   226 | D:1      | Reached XP level 2. HP: 17/21 MP: 0/0
   669 | D:1      | Reached skill level 3 in Spellcasting
   758 | D:1      | Found Ykifir's Armour Shop.
   838 | D:1      | Reached XP level 3. HP: 20/25 MP: 0/0
   838 | D:1      | Learned a level 1 spell: Sandblast
  1989 | D:2      | You are sucked into a shaft and drop 2 floors!
  1997 | D:4      | Reached XP level 4. HP: 23/31 MP: 0/0
  2084 | D:4      | Reached XP level 5. HP: 26/36 MP: 0/0
  2084 | D:4      | Learned a level 2 spell: Call Imp
  2090 | D:4      | Reached skill level 1 in Fighting
  2090 | D:4      | Reached skill level 4 in Spellcasting
  2095 | D:4      | Noticed a black bear
  2102 | D:4      | Killed a black bear
  2103 | D:4      | Reached XP level 6. HP: 20/42 MP: 0/0
  2411 | D:3      | Found a faded altar of an unknown god.
  3034 | D:3      | HP: 1/42 [hound (2)]
  3038 | D:3      | Slain by a hound

Illustrated notes

Levels and vault maps discovered:
D:1:      grunt_arrival_lava_bath, layout_loops_cross, serial_shops,
          nicolae_shop_crystal, hex_large, hangedman_decor_points
D:2:      layout_basic, basic_altar, uniq_jessica, uniq_natasha
D:3:      layout_loops_ring, chequers_ecumenical_altar_simple_redux,
          cheibrodos_gnoll_hut
D:4:      layout_rooms

Skill      XL: |  1  2  3  4  5 |
---------------+----------------+-----
Spellcasting   | 3 4 |  4.9
Fighting       | 1 |  1.5
Dodging        | |  2.5
Stealth        | |  1.9

Action                   |  1- 3 |  4- 6 || total
-------------------------+-------+-------++-------
 Cast: Foxfire           |   106 |    63 ||   169
       Scorch            |       |     6 ||     6
  Use: Potion            |       |     1 ||     1
Armor: Robe              |     4 |     1 ||     5
Dodge: Dodged            |     8 |    11 ||    19

Table legend: (Time is in decaauts)
 A = Elapsed time spent in this place.
 B = Non-inter-level travel time spent in this place.
 C = Inter-level travel time spent in this place.
 D = Time resting spent in this place.
 E = Time spent auto-exploring this place.
 F = Levels seen in this place.
 G = Mean time per level.
                   A        B        C        D        E       F      G
               +--------+--------+--------+--------+--------+-----+--------+
         Total |   3036 |   3017 |     19 |    154 |   2500 |   4 |  759.0 |
       Dungeon |   3036 |   3017 |     19 |    154 |   2500 |   4 |  759.0 |
               +--------+--------+--------+--------+--------+-----+--------+

Top non-repeatable levels by time:
     D:1: 1607 daAuts
     D:3: 770 daAuts
     D:2: 381 daAuts
     D:4: 276 daAuts
